 Dungeon Crawl Stone Soup version 0.21-a0-52-gbf49515 (webtiles) character file.

600626 xgamer67 the Conqueror (level 26, -15/266 HPs)
             Began as a Minotaur Chaos Knight on June 14, 2017.
             Demolished by an Orb Guardian (25 damage)
             ... on level 5 of the Realm of Zot.
             The game lasted 02:34:44 (52109 turns).

xgamer67 the Conqueror (Minotaur Chaos Knight)     Turns: 52109, Time: 02:34:45

Health: -15/266    AC: 34    Str: 27    XL:     26   Next: 47%
Magic:  34/34      EV: 30    Int: 11    God:    Xom [.....*]
Gold:   2315       SH:  4    Dex: 23    Spells: 11/25 levels left

rFire    + + +     SeeInvis .   a - +2 battleaxe (elec)
rCold    + . .     Gourm    .   (shield currently unavailable)
rNeg     + . .     Faith    .   K - +8 plate armour {rC+}
rPois    +         Spirit   .   (helmet unavailable)
rElec    .         Reflect  .   H - scarf {repulsion}
rCorr    .         Harm     .   Z - +2 pair of gloves {Dex+3}
MR       ++...                  (boots unavailable)
Stlth    ..........             P - amulet "Gizi Hea" {rF++ rN+ Regen+ Str+3 Stlth+}
Regen    1.8/turn               Y - +6 ring of slaying
MPRegen  0.3/turn               y - ring "Pammi" {rPois rC- MR+ MP+9 Dex+3}

@: about to teleport, cleaving, berserk cooldown, repel missiles
A: retaliatory headbutt, hooves 3, horns 3, large bone plates 1, molten scales
1, yellow scales 1, clever 1, cold resistance 1, deformed body, fire resistance
3, regeneration 2, shaggy fur 1, strong 1, evolution 1, no potion heal 1,
subdued magic 1
0: Orb of Zot
}: 3/15 runes: decaying, serpentine, silver
a: Renounce Religion


You were on level 5 of the Realm of Zot.
You worshipped Xom.
You were Xom's teddy bear.
You were very hungry.

You visited 8 branches of the dungeon, and saw 46 of its levels.
You also visited: Ice Cave.

You collected 5435 gold pieces.
You spent 3120 gold pieces at shops.

Inventory:

Hand Weapons
 a - a +2 battleaxe of electrocution (weapon)
 b - a +2 battleaxe of flaming
 A - the +6 arbalest "Damnation" {damnation}
   (You found it on level 11 of the Dungeon)
Armour
 e - the +1 cloak of the Tired Queens {*Drain rPois rF+ rN+ Dex+5}
   (You found it on level 2 of the Swamp)

   It affects your dexterity (+5).
   It protects you from fire.
   It protects you from poison.
   It protects you from negative energy.
   It causes draining when unequipped.
 H - a scarf of repulsion (worn)
 K - a +8 plate armour of cold resistance (worn)
 Z - a +2 pair of gloves of dexterity (worn)
Jewellery
 q - an uncursed ring of positive energy
 r - the ring "Gumo" {rCorr Int+4}
   (You took it off a vault warden on level 5 of the Vaults)

   [ring of resist corrosion]

   It affects your intelligence (+4).
 y - the ring "Pammi" (right hand) {rPois rC- MR+ MP+9 Dex+3}
   (You found it on level 1 of the Swamp)

   [ring of magical power]

   It affects your dexterity (+3).
   It makes you vulnerable to cold.
   It protects you from poison.
   It affects your resistance to hostile enchantments.
   It affects your magic capacity (+9).
 G - the ring of Twilight {Wiz rElec rF- Int+8 SInv}
   (You found it on level 1 of the Swamp)

   [ring of wizardry]

   It improves your spell success rate.
   It affects your intelligence (+8).
   It makes you vulnerable to fire.
   It insulates you from electricity.
   It lets you see invisible.
 O - an uncursed ring of protection from magic
 P - the amulet "Gizi Hea" (around neck) {rF++ rN+ Regen+ Str+3 Stlth+}
   (You took it off an orc on level 11 of the Dungeon)

   [amulet of regeneration]

   It affects your strength (+3).
   It greatly protects you from fire.
   It protects you from negative energy.
   It increases your rate of regeneration.
   It makes you more stealthy.
 R - an uncursed ring of protection from cold
 U - an uncursed ring of see invisible
 Y - a +6 ring of slaying (left hand)
Wands
 d - a wand of digging (6/24)
 j - a wand of clouds (4/9)
 B - a wand of digging (12/24)
 J - a wand of clouds (3/9)
 L - a wand of scattershot (4/9)
 M - a wand of polymorph (18/24)
Scrolls
 f - 9 scrolls of recharging
 i - 8 scrolls of blinking
 k - 10 scrolls of teleportation
 p - 22 scrolls of remove curse
 D - a scroll of holy word
 N - 5 scrolls of fog
 Q - 7 scrolls of fear
 X - a scroll of identify
Potions
 g - 2 potions of invisibility
 h - 10 potions of curing
 l - 4 potions of haste
 m - a potion of cancellation
 n - 4 potions of might
 s - 6 potions of brilliance
 t - 6 potions of ambrosia
 z - 5 potions of agility
 I - 4 potions of mutation
 V - a potion of berserk rage
 W - 7 potions of flight
Miscellaneous
 o - 2 boxes of beasts
 u - 2 phantom mirrors
 v - 2 sacks of spiders
 C - a lamp of fire
 S - a fan of gales
Comestibles
 c - 27 bread rations
 w - 18 meat rations


   Skills:
 O Level 27 Fighting
 + Level 21.1 Axes
 O Level 27 Armour
 O Level 27 Dodging
 - Level 5.0 Evocations


You had 11 spell levels left.
You knew the following spells:

 Your Spells              Type           Power        Failure   Level  Hunger
a - Apportation           Tloc           #.....       67%         1    ##.....
b - Lesser Beckoning      Tloc           #.........   96%         3    ####...
c - Regeneration          Chrm/Necr      #.........   96%         3    ####...
d - Summon Butterflies    Summ           #.......     67%         1    ##.....
e - Passwall              Tmut/Erth      #.........   82%         2    ###....
f - Swiftness             Chrm/Air       #.......     82%         2    ###....
B - Blink                 Tloc           N/A          82%         2    ###....


Dungeon Overview and Level Annotations

Branches:
Dungeon (15/15)            Temple (0/1) D:4            Lair (6/6) D:11
  Swamp (4/4) Lair:2        Snake (4/4) Lair:2        Slime (0/5) Lair:6
    Orc (2/2) D:12            Elf (0/3) Orc:2        Vaults (5/5) D:13
  Crypt (0/3) Vaults:2     Depths (5/5) D:15            Zot (5/5) Depths:5

Altars:
Elyvilon
Kikubaaqudgha
Makhleb
Nemelex Xobeh
Xom
Yredelemnul
Zin
The Shining One
Beogh
Jiyva

Shops:
D:4 %   D:6 *   D:10 %   Orc:2 }(!(   Snake:1 =}=:   Snake:4 ?(   Vaults:2 =
Depths:4 (

Portals:
Hell: Depths:1 Depths:2 Depths:3 Depths:4 Depths:5
Abyss: Depths:1 Depths:4
Pandemonium: Depths:3 Depths:5
Ziggurat: Depths:1
Trove: D:11 (give manual of Ice Magic)

Annotations:
D:12 1 runed door
Zot:5 1 exclusion


Innate Abilities, Weirdness & Mutations

You reflexively headbutt those who attack you in melee.
You have a pair of large horns on your head.
You have hooves in place of feet.
You are partially covered in large bone plates. (SH +4)
You are partially covered in molten scales. (AC +2)
You are partially covered in yellow scales. (AC +2)
Your mind is acute. (Int +2)
Your flesh is cold resistant. (rC+)
Armour fits poorly on your strangely shaped body.
Your flesh is almost immune to the effects of heat. (rF+++)
You heal very quickly.
You are covered in fur. (AC +1)
Your muscles are strong. (Str +2)
You evolve.
Potions are less effective at restoring your health.
Your spells are a little easier to cast, but a little less powerful.


Message History

The Orb Guardian closely misses you.
Okay, then.
Okay, then.
Your blink will be uncontrolled - continue anyway?
The Orb prevents control of your translocation!
You blink.
As you read the scroll of blinking, it crumbles to dust.
A bolt hits the smoke demon!
The Orb Guardian hits you.
* * * LOW HITPOINT WARNING * * *
Your system partially rejects the healing.
You feel better. "Go forth and cause havoc, mortal!"
Your +2 battleaxe of electrocution looks sharp (like it always does).
The Orb Guardian hits you!!
* * * LOW HITPOINT WARNING * * *
The Orb Guardian completely misses you. You furiously retaliate!
You headbutt the Orb Guardian, but do no damage.
The Orb Guardian hits you!!
You die...
Xom chuckles heartily!

########## ##...#
#.....
################
##.............,*
##..............,,
##.^.............,,
#................,,
#.......).^......,,
#.@X.)^).........,,
#4XX.._..........,,
#.?L..^.^.....X^.,,
#....3...........,,
##[.)^...........,,
##..............,,
##.............,,
▓▓.....##▓▓▓▓#**
**........,,,,,,,


You could see an ancient lich, 3 Orb Guardians, a hellwing and a smoke demon.

Vanquished Creatures
  3 orbs of fire (Zot:5)
  2 ancient liches
  A juggernaut (Depths:4)
  Bai Suzhen (Swamp:4)
  Sojobo (Depths:4)
  The ghost of Kite the Executioner, a veteran MiBe of Trog (Depths:5)
  2 Killer Klowns (Zot:5)
  Nikola (Swamp:3)
  10 golden dragons
  the Enchantress (Depths:5)
  The ghost of Graouh the Peltast, an adept MiFi of Okawaru (Vaults:3)
  3 liches
  20 Orb Guardians (Zot:5)
  8 tentacled monstrosities
  An Ice Fiend (Zot:5)
  7 quicksilver dragons
  4 titans (Vaults:5)
  5 acid blobs
  Gastronok (Lair:1)
  Frances (D:12)
  2 death cobs
  7 thorn hunters
  2 caustic shrikes
  8 tengu reavers
  7 sphinxes
  Donald (Swamp:1)
  7 shadow dragons
  8 storm dragons
  2 draconian monks
  10 nagarajas
  The ghost of mopl the Brawler, a journeyman TrWn of Okawaru (D:14)
  14 fire giants
  3 azure jellies (Depths:5)
  22 vault wardens
  9 frost giants
  4 draconian knights
  5 draconian shifters
  Louise (D:14)
  2 deep elf sorcerers
  An iron dragon (Vaults:5)
  An emperor scorpion (Swamp:1)
  2 draconian scorchers (Zot:5)
  A cacodemon (Depths:2)
  4 spriggan defenders
  18 ironheart preservers
  17 very ugly things
  A draconian annihilator (Depths:5)
  Nessos (Orc:2)
  19 stone giants
  5 vampire knights
  5 green draconians
  2 entropy weavers
  5 deep elf demonologists
  6 black draconians
  4 yellow draconians
  2 deep elf annihilators
  2 red draconians
  3 white draconians
  9 spark wasps
  A merfolk javelineer (Depths:5)
  13 ettins
  A purple draconian (Depths:5)
  2 blizzard demons (Depths:2)
  Snorg (Lair:6)
  A minotaur (Lair:4)
  Josephine (Lair:4)
  13 fire dragons
  12 death oozes
  A merfolk impaler (Depths:5)
  4 deep elf high priests
  19 yaktaur captains
  11 great orbs of eyes
  10 rakshasas
  10 naga warriors
  22 hydras
  A hell beast (Depths:5)
  Fannar (D:12)
  40 vault guards
  A ghost crab (Swamp:2)
  9 ice dragons
  12 centaur warriors
  4 catoblepae (Lair:6)
  6 spriggan air magi
  A queen ant (shapeshifter) (Vaults:5)
  18 ogre magi
  12 anacondas
  9 death yaks
  11 deep troll shamans
  51 two-headed ogres
  A dancing weapon (Vaults:5)
  9 tengu warriors
  9 alligators
  6 orc high priests
  6 spriggan berserkers
  4 vampire magi
  8 deep troll earth magi
  17 naga sharpshooters
  A sun demon (Depths:5)
  9 shock serpents
  9 deep elf knights
  3 shadow wraiths
  20 hell knights
  5 salamander mystics
  15 skeletal warriors
  9 iron trolls
  4 glowing orange brains
  3 unseen horrors
  33 deep trolls
  A death drake (Zot:4)
  3 spriggan druids (Swamp:4)
  3 flayed ghosts
  13 swamp dragons
  7 naga ritualists
  2 wizards
  An orange crystal statue (Vaults:4)
  5 phantasmal warriors
  5 necromancers
  15 ironbrand convokers
  5 shambling mangroves
  9 deep elf archers
  19 orc knights
  12 mana vipers
  A wolf spider zombie (D:13)
  12 harpies
  A sphinx skeleton (Depths:5)
  2 oklob plants (Swamp:2)
  4 wolf spiders
  22 deep elf magi
  A shining eye (Vaults:3)
  7 moths of wrath
  4 harpies (shapeshifter)
  A shining eye (shapeshifter) (D:15)
  7 cyclopes
  46 ugly things
  4 orc sorcerers
  A salamander (shapeshifter) (Vaults:1)
  9 manticores
  An iron dragon skeleton (Depths:3)
  14 salamanders
  A manticore (shapeshifter) (Vaults:5)
  35 black mambas
  A black mamba (shapeshifter) (Vaults:4)
  5 guardian serpents
  15 elephants
  A guardian serpent (shapeshifter) (Vaults:5)
  39 naga magi
  A rust devil (Depths:5)
  14 vault sentinels
  2 gargoyles (D:13)
  5 orange demons (Depths:2)
  A water nymph (D:15)
  A spriggan zombie (Depths:3)
  A storm dragon simulacrum (Depths:5)
  21 spiny frogs
  A water nymph (shapeshifter) (Vaults:5)
  A smoke demon (Depths:2)
  2 centaur skeletons
  54 yaktaurs
  2 efreet (D:14)
  9 rime drakes
  7 komodo dragons
  5 kobold demonologists
  3 yaktaurs (shapeshifter)
  4 freezing wraiths
  2 hellwings
  A red devil (Depths:2)
  A small abomination (Vaults:5)
  5 tengu conjurers
  A queen bee (shapeshifter) (Depths:3)
  A jumping spider (Vaults:5)
  A meliai (shapeshifter) (Vaults:1)
  14 polar bears (IceCv)
  A troll (shapeshifter) (Vaults:2)
  5 bog bodies
  20 hornets
  5 tyrant leeches
  Prince Ribbit (Lair:1)
  8 trolls
  5 dream sheep (Lair:5)
  24 slime creatures
  A raiju (shapeshifter) (Depths:2)
  21 blink frogs
  A harpy skeleton (D:15)
  A slime creature (shapeshifter) (D:13)
  A frost giant simulacrum (Vaults:1)
  17 hippogriffs
  34 yaks
  2 redbacks
  2 redbacks (shapeshifter)
  18 spriggans
  2 shadows (Swamp:1)
  A centaur simulacrum (D:15)
  10 wyverns
  3 water elementals
  A human (shapeshifter) (Vaults:2)
  7 wraiths
  16 basilisks
  2 fire elementals (D:14)
  A human (Lair:5)
  2 fire bats (shapeshifter)
  A hog (shapeshifter) (Vaults:5)
  A golden eye (IceCv)
  A neqoxec (Depths:2)
  A steam dragon (D:13)
  11 vampire mosquitoes
  Menkaure (D:5)
  4 hungry ghosts
  22 swamp worms
  A swamp worm (shapeshifter) (Lair:4)
  3 soldier ants
  58 nagas
  2 wargs
  16 insubstantial wisps
  3 acid dragons
  A porcupine (shapeshifter) (Vaults:5)
  3 floating eyes (Depths:4)
  8 water moccasins
  5 porcupines
  12 hell hounds
  17 swamp drakes
  45 orc warriors
  2 eyes of draining (shapeshifter)
  7 ice beasts
  A phantom (D:4)
  3 sky beasts
  3 eyes of draining
  2 black bears
  2 necrophages
  51 ogres
  9 boggarts
  25 wolves
  A wolf (shapeshifter) (D:4)
  21 centaurs
  A crocodile (shapeshifter) (Vaults:2)
  14 crocodiles
  3 big kobolds
  2 elf zombies (D:8)
  18 bullfrogs
  2 elf skeletons
  A deep troll simulacrum (Vaults:1)
  A wyvern skeleton (D:9)
  A water moccasin zombie (D:7)
  4 scorpions
  6 killer bees
  3 human simulacra
  3 wights (D:11)
  6 howler monkeys
  7 crimson imps
  2 bullfrog zombies
  5 centaur zombies
  4 quasits
  14 jellies
  8 hounds
  30 orc wizards
  34 orc priests
  A hound (shapeshifter) (Vaults:2)
  2 human skeletons (D:8)
  2 bullfrog skeletons
  6 iguanas
  13 worker ants
  A hound skeleton (D:7)
  A howler monkey zombie (D:10)
  2 worker ant zombies
  A howler monkey skeleton (D:10)
  12 adders
  2 shadow imps
  A white imp (Depths:3)
  An ufetubus (Vaults:1)
  16 oozes
  An adder skeleton (D:8)
  4 worms
  A dart slug (D:3)
  7 leopard geckos
  134 orcs
  5 giant cockroaches
  3 goblins
  2 hobgoblins
  10 jackals
  4 quokkas
  5 bats
  2 frilled lizards (D:1)
  A jackal skeleton (D:8)
  A jackal zombie (D:6)
  23 kobolds
  An orc skeleton (D:8)
  A quokka skeleton (D:5)
  A quokka zombie (D:6)
  5 rats
  22 briar patches
  2 fire vortices (Depths:4)
  6 fungi
  7 plants
2293 creatures vanquished.

Vanquished Creatures (collateral kills)
  2 shadow dragons
  A storm dragon (Zot:5)
  A stone giant (Vaults:5)
  A yaktaur captain (Vaults:3)
  A two-headed ogre (Vaults:5)
  An orc high priest (Orc:2)
  A spriggan (Swamp:3)
  A skeletal warrior (D:15)
  An ugly thing (D:14)
  2 salamanders (Snake:2)
  A hornet (Swamp:3)
  A blink frog (Lair:5)
  4 yaks (D:8)
  A wyvern (D:10)
  A swamp worm (Swamp:3)
  5 orc warriors (Orc:2)
  An ogre (Orc:2)
  4 orc priests (Orc:2)
  A jelly (D:10)
31 creatures vanquished.

Vanquished Creatures (others)
  A fire giant (Depths:5)
  A very ugly thing (Depths:5)
  5 dancing weapons
  A wolf spider zombie (D:14)
  An orange demon (Zot:5)
  A yaktaur (Vaults:5)
  2 hornets
  2 slime creatures (Swamp:3)
  2 blink frogs (Lair:1)
  A naga (Snake:4)
  An orc warrior (Vaults:4)
  An ogre (Orc:2)
  An orc (Orc:2)
  3 bushes (D:14)
  19 fungi
  13 plants
55 creatures vanquished.

Grand Total: 2379 creatures vanquished

Notes
Turn   | Place    | Note
-------+----------+-------------------------------------------
     0 | D:1      | xgamer67 the Minotaur Chaos Knight began the quest for the Orb.
     0 | D:1      | Reached XP level 1. HP: 19/19 MP: 0/0
    40 | D:1      | XOM: potion effect (brilliance)
    86 | D:1      | Reached XP level 2. HP: 26/26 MP: 1/1
  1007 | D:2      | XOM: mild Tloc miscast
  1008 | D:2      | Noticed a spatial vortex
  1048 | D:3      | Reached skill level 5 in Axes
  1048 | D:3      | Reached XP level 3. HP: 31/31 MP: 2/2
  1345 | D:3      | Reached XP level 4. HP: 35/39 MP: 3/3
  1444 | D:3      | XOM: god gift: meat ration
  1701 | D:4      | Noticed a phantom
  1707 | D:4      | XOM: summons friendly crimson imp
  1754 | D:4      | XOM: divination: magic mapping
  1957 | D:3      | XOM: mild Conj miscast
  2209 | D:4      | Noticed a wolf
  2213 | D:4      | Killed a wolf
  2213 | D:4      | Reached XP level 5. HP: 36/45 MP: 4/4
  2293 | D:4      | XOM: harmless Necr miscast
  2543 | D:4      | Reached XP level 6. HP: 44/51 MP: 5/5
  2680 | D:4      | Found a staircase to the Ecumenical Temple.
  2739 | D:4      | Found Yfext's Food Emporium.
  2823 | D:5      | Entered Level 5 of the Dungeon
  2829 | D:4      | XOM: potion effect (agility)
  2832 | D:4      | XOM: potion effect (brilliance)
  2837 | D:4      | XOM: divination: magic mapping
  2842 | D:4      | XOM: potion effect (curing)
  2853 | D:4      | XOM: harmless Erth miscast
  3049 | D:5      | XOM: potion effect (might)
  3053 | D:5      | Reached XP level 7. HP: 55/57 MP: 6/6
  3128 | D:5      | XOM: potion effect (agility)
  3139 | D:5      | Reached skill level 10 in Axes
  3197 | D:5      | XOM: potion effect (brilliance)
  3506 | D:5      | XOM: scenery: 1 doors close
  3738 | D:6      | XOM: harmless Hex miscast
  3814 | D:6      | XOM: 3-stop teleportation journey
  3908 | D:6      | Noticed a troll
  3915 | D:6      | XOM: enchant monster (bad)
  3922 | D:6      | XOM: swap monsters
  3923 | D:6      | You fall through a shaft!
  4075 | D:7      | Reached skill level 5 in Fighting
  4075 | D:7      | Reached XP level 8. HP: 59/68 MP: 7/7
  4122 | D:7      | XOM: 4-stop teleportation journey
  4165 | D:7      | Found a glowing golden altar of the Shining One.
  4189 | D:7      | You fall through a shaft!
  4247 | D:8      | XOM: silly message
  4297 | D:8      | XOM: give mutations
  4297 | D:8      | Gained mutation: Scrolls take you a little longer to read. [Xom's mischief]
  4297 | D:8      | Gained mutation: You possess an exceptional clarity of mind. [Xom's mischief]
  4297 | D:8      | Gained mutation: You are occasionally teleported next to monsters. [Xom's mischief]
  4297 | D:8      | Lost mutation: You possess an exceptional clarity of mind. [Xom's mischief]
  4346 | D:8      | XOM: mild Air miscast
  4395 | D:7      | XOM: harmless Tloc miscast
  4500 | D:7      | XOM: 2-stop teleportation journey
  4672 | D:7      | XOM: smoke on damage
  5009 | D:7      | Reached skill level 5 in Armour
  5378 | D:7      | Learned a level 1 spell: Apportation
  5380 | D:7      | Learned a level 1 spell: Summon Butterflies
  5455 | D:7      | XOM: silly message
  5532 | D:6      | XOM: 3-stop teleportation journey
  5690 | D:5      | XOM: confusion (+ monsters)
  5879 | D:5      | Reached skill level 5 in Dodging
  5927 | D:5      | XOM: noise
  6039 | D:5      | Noticed Menkaure
  6045 | D:5      | Killed Menkaure
  6451 | D:6      | Found Iuadues's Incredible Inventory.
  6494 | D:6      | Bought a scroll of identify for 22 gold pieces
  6494 | D:6      | Bought a potion of invisibility for 88 gold pieces
  6591 | D:6      | Learned a level 2 spell: Blink
  6626 | D:6      | Reached XP level 9. HP: 60/74 MP: 8/8
  6737 | D:6      | XOM: potion effect (might)
  6809 | D:6      | XOM: noise
  6823 | D:6      | Killed a troll
  7057 | D:6      | XOM: give mutations
  7057 | D:6      | Gained mutation: Your spells are a little harder to cast, but a little more powerful. [Xom's grace]
  7057 | D:6      | Gained mutation: You are somewhat resistant to further mutation. [Xom's grace]
  7057 | D:6      | Gained mutation: Your mind is acute. (Int +2) [Xom's grace]
  7057 | D:6      | Gained mutation: You have an increased reservoir of magic. (+10% MP) [Xom's grace]
  7546 | D:8      | XOM: summons 4 friendly demons
  7608 | D:8      | XOM: scenery: create altars
  7771 | D:8      | XOM: 6-stop teleportation journey
  8121 | D:8      | XOM: give mutations
  8121 | D:8      | Gained mutation: You are somewhat resistant to both further mutation and mutation removal. [Xom's grace]
  8121 | D:8      | Gained mutation: You possess an exceptional clarity of mind. [Xom's grace]
  8121 | D:8      | Gained mutation: You have a somewhat thin skeletal structure. (Dex +2, Stealth) [Xom's grace]
  8121 | D:8      | Gained mutation: Your flesh is cold resistant. (rC+) [Xom's grace]
  8158 | D:8      | Noticed a two-headed ogre
  8163 | D:8      | XOM: scenery: create altars
  8494 | D:9      | Reached XP level 10. HP: 78/83 MP: 10/10
  8513 | D:9      | Noticed a two-headed ogre
  8523 | D:9      | XOM: fog
  8526 | D:10     | Entered Level 10 of the Dungeon
  8612 | D:10     | XOM: cast spell 'Summon Horrible Things'
  8683 | D:10     | Noticed a two-headed ogre
  8697 | D:10     | XOM: enchant monster (good)
  8872 | D:11     | XOM: divination: magic mapping
  8945 | D:11     | XOM: scenery: 1 doors close
  8979 | D:11     | XOM: scenery: 1 doors open, 1 doors close
  8987 | D:11     | XOM: fog
  9128 | D:11     | XOM: scenery: 1 doors close
  9320 | D:11     | Noticed a two-headed ogre
  9321 | D:11     | XOM: summons friendly quasit
  9330 | D:11     | Killed a two-headed ogre
  9360 | D:11     | Found a portal to a secret trove of treasure.
  9660 | D:11     | XOM: cleaving
  9842 | D:11     | Got a serpentine platinum amulet
  9844 | D:11     | Identified the amulet "Gizi Hea" {rF++ rN+ Regen+ Str+3 Stlth+} (You took it off an orc on level 11 of the Dungeon)
  9896 | D:11     | XOM: destruction
  9958 | D:11     | Found a staircase to the Lair.
 10038 | D:12     | Found a runed door.
 10168 | D:12     | Found a sparkling altar of Nemelex Xobeh.
 10168 | D:12     | Noticed a two-headed ogre
 10174 | D:12     | XOM: 1-stop teleportation journey
 10178 | D:12     | Found a runed door.
 10202 | D:12     | Noticed Frances
 10212 | D:12     | Killed a two-headed ogre
 10212 | D:12     | Reached XP level 11. HP: 96/99 MP: 11/11
 10272 | D:10     | Killed a two-headed ogre
 10272 | D:10     | Reached skill level 10 in Fighting
 10368 | D:10     | Noticed a two-headed ogre
 10369 | D:10     | XOM: enchant monster (bad)
 10381 | D:10     | Killed a two-headed ogre
 10381 | D:10     | Reached skill level 1 in Evocations
 10414 | D:10     | Reached skill level 10 in Armour
 10421 | D:10     | XOM: smoke on damage
 10618 | D:10     | XOM: give mutation
 10618 | D:10     | Lost mutation: You are somewhat resistant to both further mutation and mutation removal. [Xom's grace]
 10618 | D:10     | Lost mutation: You are somewhat resistant to further mutation. [Xom's grace]
 10618 | D:10     | Gained mutation: You evolve. [Xom's grace]
 10619 | D:10     | Found Olyuxt's Food Emporium.
 10796 | D:9      | Noticed a harpy
 10796 | D:9      | a troll changed into a harpy
 10796 | D:9      | XOM: polymorph troll -> harpy
 10804 | D:9      | Killed a harpy
 10815 | D:9      | Gained mutation: You have sharp toenails. [evolution]
 10854 | D:9      | Lost mutation: You evolve. [potion of mutation]
 10854 | D:9      | Lost mutation: You possess an exceptional clarity of mind. [potion of mutation]
 10854 | D:9      | Lost mutation: Your spells are a little harder to cast, but a little more powerful. [potion of mutation]
 10854 | D:9      | Lost mutation: Your mind is acute. (Int +2) [potion of mutation]
 10854 | D:9      | Lost mutation: You are occasionally teleported next to monsters. [potion of mutation]
 10854 | D:9      | Lost mutation: You have sharp toenails. [potion of mutation]
 10854 | D:9      | Gained mutation: You can translocate small distances at will. [potion of mutation]
 10854 | D:9      | Gained mutation: Your mind is acute. (Int +2) [potion of mutation]
 10855 | D:9      | Lost mutation: Scrolls take you a little longer to read. [potion of mutation]
 10855 | D:9      | Lost mutation: You have an increased reservoir of magic. (+10% MP) [potion of mutation]
 10855 | D:9      | Lost mutation: Your flesh is cold resistant. (rC+) [potion of mutation]
 10855 | D:9      | Lost mutation: Your mind is acute. (Int +2) [potion of mutation]
 10855 | D:9      | Lost mutation: You can translocate small distances at will. [potion of mutation]
 10855 | D:9      | Lost mutation: You have a somewhat thin skeletal structure. (Dex +2, Stealth) [potion of mutation]
 10855 | D:9      | Gained mutation: You have a pair of large horns on your head. [potion of mutation]
 10855 | D:9      | Gained mutation: Your flesh is cold resistant. (rC+) [potion of mutation]
 10855 | D:9      | Gained mutation: Your flesh is heat resistant. (rF+) [potion of mutation]
 10917 | D:9      | XOM: divination: detect creatures
 10922 | D:9      | Killed a two-headed ogre
 11076 | D:9      | XOM: cloud trail
 11391 | D:8      | Killed a two-headed ogre
 11447 | D:7      | XOM: give mutations
 11447 | D:7      | Lost mutation: You have a pair of large horns on your head. [Xom's mischief]
 11447 | D:7      | Gained mutation: You are frail. (-10% HP) [Xom's mischief]
 11447 | D:7      | Gained mutation: Your body sometimes deteriorates upon taking damage. [Xom's mischief]
 11447 | D:7      | Gained mutation: Armour fits poorly on your strangely shaped body. [Xom's mischief]
 11530 | D:11     | XOM: 2-stop teleportation journey
 11631 | Lair:1   | Entered Level 1 of the Lair of Beasts
 11752 | Lair:1   | XOM: confuse monster(s)
 11776 | Lair:1   | Noticed Prince Ribbit
 11777 | Lair:1   | XOM: divination: detect creatures
 11793 | Lair:1   | Killed Prince Ribbit
 11799 | Lair:1   | XOM: divine lightning
 11991 | Lair:1   | Noticed Gastronok
 12063 | Lair:2   | XOM: 7-stop teleportation journey
 12071 | Lair:2   | XOM: cast spell 'Shadow Creatures'
 12192 | Lair:2   | Found a staircase to the Swamp.
 12258 | Lair:2   | XOM: scenery: create altars
 12285 | Lair:2   | XOM: noise
 12286 | Lair:2   | Reached XP level 12. HP: 84/100 MP: 14/14
 12531 | Lair:2   | Reached skill level 5 in Evocations
 12758 | Lair:2   | Noticed a five-headed hydra
 12786 | Lair:1   | XOM: mild Necr miscast
 12927 | Lair:1   | XOM: noise
 13344 | Lair:1   | XOM: potion effect (invisibility)
 13350 | Lair:1   | Killed Gastronok
 13557 | Lair:3   | XOM: cloud trail
 13616 | Lair:3   | XOM: potion effect (haste)
 13650 | Lair:3   | Learned a level 2 spell: Passwall
 13653 | Lair:3   | Learned a level 2 spell: Swiftness
 13657 | Lair:3   | Learned a level 3 spell: Lesser Beckoning
 13693 | Lair:3   | XOM: harmless Summ miscast
 13917 | Lair:3   | XOM: polymorph ooze -> jelly
 13919 | Lair:3   | XOM: summons 1 hostile demon
 14033 | Lair:3   | XOM: mild Conj miscast
 14197 | Lair:4   | XOM: polymorph blink frog -> spiny frog
 14377 | Lair:4   | XOM: harmless Pois miscast
 14383 | Lair:4   | XOM: give mutations
 14383 | Lair:4   | Lost mutation: You are frail. (-10% HP) [Xom's grace]
 14383 | Lair:4   | Gained mutation: You are covered in fur. (AC +1) [Xom's grace]
 14408 | Lair:4   | XOM: noise
 14469 | Lair:4   | XOM: summons 6 hostile demons
 14613 | Lair:4   | XOM: polymorph spiny frog -> eye of draining
 14656 | Lair:4   | Noticed Josephine
 14666 | Lair:4   | XOM: enchant monster (good)
 14670 | Lair:4   | XOM: give mutation
 14670 | Lair:4   | Gained mutation: You evolve. [Xom's mischief]
 14675 | Lair:4   | Gained mutation: Scrolls take you a little longer to read. [evolution]
 14679 | Lair:4   | Killed Josephine
 14745 | Lair:4   | Noticed a six-headed hydra
 14766 | Lair:4   | Noticed an anaconda
 14907 | Lair:4   | Killed an anaconda
 15101 | Lair:5   | XOM: enchant monster (good)
 15106 | Lair:5   | XOM: enchant monster (good)
 15122 | Lair:5   | Reached XP level 13. HP: 97/124 MP: 15/15
 15130 | Lair:5   | Reached skill level 10 in Dodging
 15186 | Lair:5   | XOM: destruction
 15204 | Lair:5   | XOM: silly message
 15223 | Lair:5   | Noticed a storm dragon
 15223 | Lair:5   | a death yak changed into a storm dragon
 15223 | Lair:5   | XOM: polymorph death yak -> storm dragon
 15225 | Lair:5   | XOM: smoke on damage
 15226 | Lair:5   | XOM: god gift: 20 arrows
 15259 | Lair:5   | XOM: polymorph dream sheep -> glowing shapeshifter
 15264 | Lair:4   | Noticed a minotaur
 15264 | Lair:4   | a six-headed hydra changed into a minotaur
 15272 | Lair:4   | Killed a minotaur
 15807 | D:12     | Killed Frances
 15914 | D:12     | XOM: 1-stop teleportation journey
 16068 | D:12     | Found a staircase to the Orcish Mines.
 16084 | D:12     | Noticed Fannar
 16118 | D:12     | Killed Fannar
 16143 | D:12     | XOM: noise
 16363 | D:12     | XOM: blink monster(s)
 16365 | D:12     | XOM: summons friendly iron imp
 16508 | D:12     | XOM: polymorph iron imp -> white imp
 16557 | D:12     | XOM: 1-stop teleportation journey
 16621 | D:12     | Noticed a purple very ugly thing
 16645 | D:12     | XOM: noise
 16658 | D:12     | XOM: blink monster(s)
 16663 | D:12     | XOM: noise
 16675 | D:12     | XOM: blink monster(s)
 16680 | D:12     | Killed a purple very ugly thing
 16883 | Orc:1    | XOM: stealth player
 16883 | Orc:1    | Entered Level 1 of the Orcish Mines
 16916 | Orc:1    | XOM: polymorph orc knight -> redback
 16919 | Orc:1    | Reached skill level 15 in Fighting
 17050 | Orc:1    | Found a roughly hewn altar of Beogh.
 17210 | D:11     | XOM: give mutations
 17210 | D:11     | Lost mutation: Armour fits poorly on your strangely shaped body. [Xom's mischief]
 17210 | D:11     | Lost mutation: Your body sometimes deteriorates upon taking damage. [Xom's mischief]
 17210 | D:11     | Gained mutation: Armour fits poorly on your strangely shaped body. [Xom's mischief]
 17210 | D:11     | Lost mutation: Scrolls take you a little longer to read. [Xom's mischief]
 17242 | Lair:2   | XOM: smoke on damage
 17373 | Lair:2   | XOM: scenery: create altars
 17382 | Lair:2   | XOM: divination: detect items
 17390 | Lair:2   | Found a staircase to the Snake Pit.
 17413 | Lair:2   | XOM: cloud trail
 17529 | Lair:5   | XOM: enchant monster (good)
 17532 | Lair:5   | XOM: potion effect (agility)
 17594 | Lair:6   | Entered Level 6 of the Lair of Beasts
 17611 | Lair:6   | XOM: noise
 17688 | Lair:6   | Found a staircase to the Slime Pits.
 17863 | Lair:6   | XOM: severe Tloc miscast
 18066 | Lair:6   | Reached skill level 15 in Axes
 18074 | Lair:6   | XOM: summons 2 hostile shadow creatures
 18090 | Lair:6   | XOM: confusion (+ monsters)
 18091 | Lair:6   | XOM: swap monsters
 18110 | Lair:6   | XOM: summons 6 hostile demons
 18148 | Lair:6   | Noticed Snorg
 18218 | Lair:6   | XOM: 1-stop teleportation journey
 18442 | Lair:5   | Killed a storm dragon
 18444 | Lair:5   | Lost mutation: Armour fits poorly on your strangely shaped body. [evolution]
 18444 | Lair:5   | Lost mutation: You evolve. [end of evolution]
 18649 | Lair:5   | XOM: mild Erth miscast
 18743 | Lair:5   | XOM: swap monsters
 18748 | Lair:5   | Reached XP level 14. HP: 135/135 MP: 16/16
 18766 | Lair:5   | XOM: polymorph blink frog -> human
 18946 | Lair:5   | XOM: cleaving
 18950 | Lair:5   | XOM: cleaving
 18955 | Lair:5   | XOM: give mutations
 18955 | Lair:5   | Gained mutation: You are agile. (Dex +2) [Xom's grace]
 18955 | Lair:5   | Gained mutation: You are robust. (+10% HP) [Xom's grace]
 18969 | Lair:5   | XOM: cast spell 'Summon Dragon'
 19340 | Lair:6   | Killed Snorg
 19346 | Lair:6   | Got a jewelled broad axe
 19347 | Lair:6   | Identified the +7 broad axe of Meubeaz {protect, *Slow rC+ rN+ Int+4 Dex+2} (You found it on level 6 of the Lair of Beasts)
 19730 | Lair:6   | XOM: harmless Tmut miscast
 19959 | Lair:6   | XOM: polymorph death yak -> ettin
 19964 | Lair:6   | XOM: scenery: create altars
 19971 | Lair:6   | XOM: enchant monster (good)
 19987 | Lair:6   | XOM: cast spell 'Dispersal'
 19988 | Lair:6   | XOM: destruction
 19997 | Lair:6   | XOM: cleaving
 20170 | Lair:6   | XOM: summons friendly ufetubus
 20362 | Lair:6   | XOM: god gift: translucent ruby amulet {god gift}
 20363 | Lair:6   | Got a translucent ruby amulet {god gift}
 20365 | Lair:6   | Identified the amulet of Vanity {Spirit MP+9} (Xom gifted it to you on level 6 of the Lair of Beasts)
 20402 | Lair:6   | XOM is BORED!
 20551 | Lair:6   | XOM: polymorph five-headed hydra -> ice dragon
 20980 | Orc:2    | Entered Level 2 of the Orcish Mines
 20980 | Orc:2    | Noticed Nessos
 21060 | Orc:2    | XOM: summons friendly crimson imp
 21061 | Orc:2    | XOM: silly message
 21068 | Orc:2    | Killed Nessos
 21072 | Orc:2    | XOM: divination: detect items
 21075 | Orc:2    | XOM: give mutation
 21075 | Orc:2    | Gained mutation: Your flesh is very heat resistant. (rF++) [Xom's grace]
 21092 | Orc:1    | XOM: god gift: wand of clouds (?/9) {god gift}
 21211 | Orc:2    | XOM: summons 3 friendly demons
 21246 | Orc:2    | XOM: scenery: create altars
 21300 | Orc:2    | XOM: god gift: scroll of fear
 21403 | Orc:2    | XOM: polymorph orc warrior -> steam dragon
 21406 | Orc:2    | XOM: polymorph steam dragon -> bullfrog
 21407 | Orc:2    | XOM: enchant monster (bad)
 21426 | Orc:2    | XOM: summons 6 friendly demons
 21478 | Orc:2    | Found a staircase to the Elven Halls.
 21702 | Orc:2    | XOM: enchant monster (good)
 21705 | Orc:2    | XOM: enchant monster (bad)
 21810 | Orc:2    | XOM: enchant monster (good)
 21820 | Orc:2    | XOM: enchant monster (bad)
 21822 | Orc:2    | XOM: enchant monster (good)
 21854 | Orc:2    | Reached XP level 15. HP: 81/155 MP: 17/17
 21918 | Orc:2    | XOM: scenery: create altars
 22057 | Orc:2    | XOM: enchant monster (good)
 22063 | Orc:2    | XOM: divination: detect creatures
 22072 | Orc:2    | Gained mutation: Scrolls take you a little longer to read. [a neqoxec]
 22201 | Orc:2    | Found Hytot's Antique Weapon Shoppe.
 22204 | Orc:2    | Found Quto's Weapon Emporium.
 22205 | Orc:2    | Found Ogee's Gadget Shoppe.
 22206 | Orc:2    | Found Ufuonaud's Distillery.
 22212 | Orc:2    | Bought a potion of might for 64 gold pieces
 22212 | Orc:2    | Bought a potion of agility for 64 gold pieces
 22212 | Orc:2    | Bought 2 potions of curing for 96 gold pieces
 22212 | Orc:2    | Bought a potion of curing for 48 gold pieces
 22324 | Orc:1    | You fall through a shaft!
 22390 | Orc:1    | Found a roughly hewn altar of Beogh.
 22651 | D:13     | XOM: enchant monster (good)
 22698 | D:13     | XOM: repel stairs
 22764 | D:13     | XOM: harmless Chrm miscast
 22769 | D:13     | XOM: divination: magic mapping
 22778 | D:13     | XOM: harmless Hex miscast
 23067 | D:13     | Found a gate to the Vaults.
 23081 | D:13     | XOM: chaos upgrade
 23086 | D:13     | XOM: repel stairs
 23543 | D:13     | XOM: summons 2 hostile shadow creatures
 23794 | D:14     | XOM: harmless Ice miscast
 23810 | D:14     | XOM: harmless Necr miscast
 23851 | D:14     | Noticed mopl's ghost (journeyman TrWn)
 23851 | D:14     | XOM: harmless Conj miscast
 23870 | D:14     | Killed mopl's ghost
 24098 | D:14     | Found a white marble altar of Elyvilon.
 24101 | D:14     | Noticed Azrael
 24116 | D:14     | XOM: blink monster(s)
 24117 | D:14     | XOM: scenery: create altars
 24121 | D:14     | XOM: cast spell 'Summon Dragon'
 24145 | D:14     | Noticed Louise
 24164 | D:14     | XOM: 1-stop teleportation journey
 24287 | D:14     | Killed Louise
 24323 | D:14     | Noticed Azrael
 24323 | D:14     | Azrael changed into Azrael the rakshasa
 24323 | D:14     | XOM: polymorph Azrael -> Azrael the rakshasa
 24352 | D:14     | Killed Azrael the rakshasa
 24448 | D:14     | XOM: give mutations
 24448 | D:14     | Gained mutation: Scrolls take you longer to read. [Xom's mischief]
 24448 | D:14     | Lost mutation: Scrolls take you longer to read. [Xom's mischief]
 24566 | D:14     | XOM: medium Tmut miscast
 24586 | D:14     | Identified the Collected Works on Conjuration and the Arsonist
 24877 | D:15     | Entered Level 15 of the Dungeon
 24879 | D:15     | XOM: cast spell 'Alistair's Intoxication'
 24941 | D:15     | Found a frozen archway.
 24962 | IceCv    | Entered an ice cave
 25047 | IceCv    | XOM: polymorph polar bear -> harpy
 25133 | IceCv    | XOM: polymorph polar bear -> golden eye
 25237 | IceCv    | XOM: enchant monster (bad)
 25399 | IceCv    | Noticed a frost giant
 25414 | IceCv    | Killed a frost giant
 25432 | IceCv    | XOM: smoke on damage
 25490 | IceCv    | XOM: harmless Summ miscast
 25503 | IceCv    | XOM: silly message
 25630 | D:15     | XOM: 1-stop teleportation journey
 25661 | D:15     | Found a glowing silver altar of Zin.
 25677 | D:15     | Reached XP level 16. HP: 167/167 MP: 18/18
 25686 | D:15     | XOM: scenery: 1 doors close
 25989 | D:15     | XOM: god gift: 7 needles of sleeping
 26085 | D:15     | XOM: harmless Summ miscast
 26118 | D:15     | XOM: cast spell 'Summon Mana Viper'
 26121 | D:15     | XOM: potion effect (curing)
 26278 | D:15     | XOM: god gift: 44 gold pieces
 26296 | D:15     | XOM: polymorph two-headed ogre -> water nymph
 26306 | D:15     | XOM: polymorph ogre mage -> elephant
 26388 | D:15     | Found a staircase to the Depths.
 26442 | D:15     | XOM: fog
 26666 | Swamp:1  | Entered Level 1 of the Swamp
 26670 | Swamp:1  | Noticed Donald
 26684 | Swamp:1  | Killed Donald
 26690 | Swamp:1  | Found a shimmering altar of Xom.
 26725 | Snake:1  | Entered Level 1 of the Snake Pit
 26772 | Snake:1  | XOM: god gift: pair of runed gloves {god gift}
 27035 | Snake:1  | Found Kazxirr's Jewellery Emporium.
 27036 | Snake:1  | Found Xyixt's Gadget Shop.
 27073 | Snake:1  | Found Adaf's Jewellery Emporium.
 27265 | Snake:1  | Found Selag's Book Shop.
 27373 | Snake:1  | Reached skill level 15 in Armour
 27377 | Snake:1  | XOM: blink monster(s)
 27382 | Snake:1  | XOM: fake destruction
 27632 | Snake:1  | XOM: polymorph salamander -> spriggan
 27906 | Snake:1  | XOM: divination: magic mapping
 27942 | Snake:1  | XOM: god gift: 18 stones
 28071 | Snake:1  | XOM: enchant monster (good)
 28073 | Snake:1  | XOM: noise
 28128 | Snake:1  | XOM: mild Chrm miscast
 28129 | Snake:1  | XOM: mild Conj miscast
 28290 | Snake:2  | XOM: swap monsters
 28298 | Snake:2  | XOM: noise
 28301 | Snake:2  | Reached skill level 15 in Dodging
 28404 | Snake:2  | XOM: harmless Necr miscast
 28464 | Snake:2  | XOM: cast spell 'Dispersal'
 28466 | Snake:2  | XOM: destruction
 28467 | Snake:2  | XOM: fog
 28484 | Snake:2  | Reached XP level 17. HP: 93/179 MP: 19/19
 28499 | Snake:2  | XOM: destruction
 28909 | Snake:2  | XOM: confuse monster(s)
 28999 | Snake:2  | XOM: scenery: create altars
 29413 | Snake:2  | XOM: give mutations
 29413 | Snake:2  | Gained mutation: You have an increased reservoir of magic. (+10% MP) [Xom's grace]
 29413 | Snake:2  | Gained mutation: You are partially covered in large bone plates. (SH +4) [Xom's grace]
 29413 | Snake:2  | Gained mutation: Your mind is acute. (Int +2) [Xom's grace]
 29413 | Snake:2  | Gained mutation: You are partially covered in icy blue scales. (AC +2) [Xom's grace]
 29422 | Snake:2  | XOM: god gift: thin jewelled staff {god gift}
 29748 | Snake:3  | XOM: enchant monster (bad)
 29970 | Snake:3  | XOM: summons friendly quasit
 30019 | Snake:3  | XOM: stat loss: -1 Str (23/24)
 30086 | Snake:3  | XOM: swap monsters
 30268 | Snake:3  | XOM: 4-stop teleportation journey
 30690 | Snake:4  | Entered Level 4 of the Snake Pit
 30718 | Snake:4  | XOM: stat loss: -1 Dex (18/19)
 30725 | Snake:4  | XOM: cast spell 'Summon Ice Beast'
 30735 | Snake:4  | XOM: blink monster(s)
 30740 | Snake:3  | XOM: chaos upgrade
 30828 | Snake:4  | Found Kewos's Antique Weapon Shop.
 30961 | Snake:4  | Found Saiderche's Magic Scroll Emporium.
 30969 | Snake:4  | Bought a scroll of magic mapping for 35 gold pieces
 30969 | Snake:4  | Bought a scroll of summoning for 95 gold pieces
 30969 | Snake:4  | Bought a scroll of fog for 20 gold pieces
 31337 | Snake:4  | XOM: summons friendly crimson imp
 31338 | Snake:4  | XOM: blink monster(s)
 31352 | Snake:4  | XOM: cast spell 'Statue Form'
 31372 | Snake:4  | XOM: summons friendly white imp
 31380 | Snake:4  | XOM: enchant monster (good)
 31389 | Snake:4  | XOM: divination: detect items
 31441 | Snake:4  | XOM: summons 4 friendly demons
 31444 | Snake:4  | XOM is BORED!
 31444 | Snake:4  | XOM: noise
 31475 | Snake:4  | XOM: noise
 31478 | Snake:4  | XOM: enchant monster (bad)
 31606 | Snake:4  | XOM: chaos upgrade
 31607 | Snake:4  | XOM: blink monster(s)
 31660 | Snake:4  | XOM: confusion
 31819 | Snake:4  | XOM: blink monster(s)
 31822 | Snake:4  | XOM: noise
 31830 | Snake:4  | XOM: 1-stop teleportation journey
 31834 | Snake:4  | XOM: give mutation
 31834 | Snake:4  | Lost mutation: Scrolls take you a little longer to read. [Xom's mischief]
 31839 | Snake:4  | XOM: noise
 31970 | Snake:4  | XOM: mild Fire miscast
 31981 | Snake:4  | XOM: draining
 32138 | Snake:4  | XOM: summons 1 hostile demon
 32142 | Snake:4  | XOM: mild Ice miscast
 32151 | Snake:4  | XOM: medium Necr miscast
 32153 | Snake:4  | Reached XP level 18. HP: 171/193 MP: 22/22
 32160 | Snake:4  | XOM: summons friendly quasit
 32231 | Snake:4  | XOM: confusion
 32494 | Snake:4  | XOM: summons 1 hostile shadow creature
 32523 | Snake:4  | Got a serpentine rune of Zot
 32715 | Swamp:1  | Found a transporter.
 32756 | Swamp:1  | Found a transporter.
 32768 | Swamp:1  | Paralysed by the power of Zot for 3 turns
 32773 | Swamp:1  | XOM: blink monster(s)
 32858 | Swamp:1  | XOM: noise
 33033 | Swamp:1  | XOM: 2-stop teleportation journey
 33071 | Swamp:1  | XOM: polymorph five-headed hydra -> emperor scorpion
 33199 | Swamp:1  | XOM: medium Ice miscast
 33225 | Swamp:1  | Identified the ring "Pammi" {rPois rC- MR+ MP+9 Dex+3} (You found it on level 1 of the Swamp)
 33238 | Swamp:1  | Got a heavily runed copper ring
 33240 | Swamp:1  | Identified the ring of Twilight {Wiz rElec rF- Int+8 SInv} (You found it on level 1 of the Swamp)
 33485 | Swamp:1  | XOM: harmless Erth miscast
 33611 | Swamp:1  | XOM: medium Pois miscast
 33703 | Swamp:2  | XOM: blink monster(s)
 33951 | Swamp:2  | XOM: god gift: 17 bolts
 34128 | Swamp:2  | XOM: swap monsters
 34168 | Swamp:2  | XOM: severe Tmut miscast
 34175 | Swamp:2  | XOM: summons 3 hostile shadow creatures
 34184 | Swamp:2  | Lost mutation: Your mind is acute. (Int +2) [mutagenic glow]
 34214 | Swamp:2  | Lost mutation: You have an increased reservoir of magic. (+10% MP) [mutagenic glow]
 34238 | Swamp:2  | Got a dazzling cloak
 34249 | Swamp:2  | Identified the +1 cloak of the Tired Queens {*Drain rPois rF+ rN+ Dex+5} (You found it on level 2 of the Swamp)
 34265 | Swamp:2  | Gained mutation: You are occasionally teleported next to monsters. [mutagenic glow]
 34358 | Swamp:2  | Gained mutation: You expend magic power (3 MP) to strengthen your wands. [mutagenic glow]
 34493 | Swamp:2  | XOM: chaos cloud
 34688 | Swamp:2  | XOM: mild Ice miscast
 34777 | Swamp:2  | XOM: medium Tloc miscast
 35062 | Swamp:3  | XOM: harmless Pois miscast
 35145 | Swamp:3  | Noticed Nikola
 35161 | Swamp:3  | XOM: scenery: create altars
 35165 | Swamp:3  | Killed Nikola
 35183 | Swamp:3  | XOM: cast spell 'Statue Form'
 35271 | Swamp:3  | XOM: cast spell 'Discord'
 35426 | Swamp:3  | XOM: give mutation
 35426 | Swamp:3  | Gained mutation: You have a pair of large horns on your head. [Xom's grace]
 35429 | Swamp:3  | XOM: give mutations
 35429 | Swamp:3  | Gained mutation: Your muscles are strong. (Str +2) [Xom's grace]
 35429 | Swamp:3  | Gained mutation: You are partially covered in molten scales. (AC +2) [Xom's grace]
 35429 | Swamp:3  | Gained mutation: You are very agile. (Dex +4) [Xom's grace]
 35520 | Swamp:3  | XOM: give mutations
 35520 | Swamp:3  | Lost mutation: Your flesh is cold resistant. (rC+) [Xom's mischief]
 35520 | Swamp:3  | Gained mutation: You have large cloven feet. [Xom's mischief]
 35744 | Swamp:4  | Entered Level 4 of the Swamp
 35828 | Swamp:4  | XOM: god gift: royal jelly
 35845 | Swamp:4  | XOM: summons friendly quasit
 35853 | Swamp:4  | XOM: mild Necr miscast
 35858 | Swamp:4  | XOM: enchant monster (bad)
 35862 | Swamp:4  | XOM: 1-stop teleportation journey
 35887 | Swamp:4  | XOM: mild Erth miscast
 35919 | Swamp:4  | XOM: medium Fire miscast
 35928 | Swamp:4  | XOM: confusion
 35929 | Swamp:4  | XOM: divination: detect creatures
 36028 | Swamp:4  | Reached XP level 19. HP: 145/204 MP: 21/21
 36173 | Swamp:4  | XOM: cloud trail
 36200 | Swamp:4  | XOM: 9-stop teleportation journey
 36298 | Swamp:4  | Got a decaying rune of Zot
 36378 | Swamp:4  | Noticed Bai Suzhen
 36387 | Swamp:4  | XOM: summons 2 friendly demons
 36396 | Swamp:4  | Killed Bai Suzhen
 36948 | D:12     | XOM: cloud trail
 36982 | Vaults:1 | Entered Level 1 of the Vaults
 37106 | Vaults:1 | XOM: cleaving
 37185 | Vaults:1 | XOM: cast spell 'Summon Mana Viper'
 37355 | Vaults:1 | XOM: confuse monster(s)
 37668 | Vaults:1 | XOM: smoke on damage
 37702 | Vaults:1 | XOM: confuse monster(s)
 37703 | Vaults:1 | XOM: harmless Ice miscast
 37829 | D:11     | XOM: 7-stop teleportation journey
 38014 | Snake:1  | Bought a +6 ring of slaying for 2588 gold pieces
 38239 | Vaults:1 | XOM: polymorph yaktaur -> spiny frog
 38244 | Vaults:1 | XOM: blink monster(s)
 38351 | Vaults:1 | XOM: swap monsters
 38387 | Vaults:1 | XOM: summons 2 hostile demons
 38498 | Vaults:1 | XOM: divination: detect items
 38513 | Vaults:1 | XOM: smoke on damage
 38562 | Vaults:1 | XOM: scenery: 1 doors close
 38567 | Vaults:1 | XOM: enchant monster (good)
 38725 | Vaults:1 | XOM: god gift: book of Necromancy
 38730 | Vaults:1 | Learned a level 3 spell: Regeneration
 38766 | Vaults:1 | XOM: potion effect (heal wounds)
 39028 | Vaults:2 | XOM: cleaving
 39038 | Vaults:2 | XOM: 2-stop teleportation journey
 39063 | Vaults:2 | XOM: god gift: robe {god gift}
 39146 | Vaults:2 | XOM: cleaving
 39147 | Vaults:2 | XOM: summons friendly crimson imp
 39262 | Vaults:2 | XOM: polymorph orc knight -> salamander
 39308 | Vaults:2 | XOM: polymorph vault warden -> quicksilver dragon
 39338 | Vaults:2 | Found Qanecod's Jewellery Shoppe.
 39338 | Vaults:2 | XOM: 1-stop teleportation journey
 39379 | Vaults:2 | Reached XP level 20. HP: 189/218 MP: 22/22
 39400 | Vaults:2 | XOM: destruction
 39526 | Vaults:2 | XOM: cloud trail
 39532 | Vaults:2 | XOM: 1-stop teleportation journey
 39729 | Vaults:2 | XOM: summons 3 friendly demons
 39740 | Vaults:2 | XOM: enchant monster (bad)
 39804 | Vaults:2 | XOM: noise
 39807 | Vaults:2 | XOM: summons 6 friendly demons
 39976 | Vaults:2 | XOM: divination: detect items
 40022 | Vaults:2 | XOM: potion effect (haste)
 40058 | Vaults:2 | XOM: confuse monster(s)
 40064 | Vaults:2 | XOM: potion effect (might)
 40164 | Vaults:2 | Found a staircase to the Crypt.
 40164 | Vaults:2 | Found an ancient bone altar of Kikubaaqudgha.
 40165 | Vaults:2 | Found a basalt altar of Yredelemnul.
 40174 | Vaults:2 | XOM: divination: detect items
 40191 | Vaults:2 | XOM: cloud trail
 40213 | Vaults:2 | XOM: swap monsters
 40430 | Vaults:2 | XOM: severe Tmut miscast
 40451 | Vaults:2 | Gained mutation: Your spells are a little easier to cast, but a little less powerful. [mutagenic glow]
 40479 | Vaults:2 | Gained mutation: Potions are less effective at restoring your health. [mutagenic glow]
 40544 | Vaults:2 | XOM: harmless Summ miscast
 40893 | Vaults:3 | XOM: polymorph deep elf mage -> shining eye
 41015 | Vaults:3 | XOM: blink monster(s)
 41103 | Vaults:3 | XOM: 2-stop teleportation journey
 41104 | Vaults:3 | Noticed Graouh's ghost (adept MiFi)
 41104 | Vaults:3 | XOM: summons 16 friendly demons
 41113 | Vaults:3 | XOM: summons friendly iron imp
 41132 | Vaults:3 | Killed Graouh's ghost
 41387 | Vaults:3 | XOM: divination: detect items
 41389 | Vaults:3 | XOM: summons friendly crimson imp
 41394 | Vaults:3 | XOM: potion effect (haste)
 41740 | Vaults:3 | XOM: divination: detect items
 41918 | Vaults:3 | XOM: god gift: runed battleaxe {god gift}
 42073 | Vaults:4 | XOM: noise
 42101 | Vaults:4 | Reached XP level 21. HP: 181/229 MP: 23/23
 42198 | Vaults:4 | Lost mutation: You are robust. (+10% HP) [a neqoxec]
 42201 | Vaults:4 | XOM: cleaving
 42212 | Vaults:4 | XOM: scenery: 4 doors open
 42582 | Vaults:4 | XOM: scenery: 2 doors close
 42814 | Vaults:4 | XOM: give mutations
 42814 | Vaults:4 | Gained mutation: You have hoof-like feet. [Xom's grace]
 42814 | Vaults:4 | Gained mutation: Your natural rate of healing is unusually fast. [Xom's grace]
 42814 | Vaults:4 | Gained mutation: You can translocate small distances at will. [Xom's grace]
 42868 | Vaults:4 | XOM: give mutations
 42868 | Vaults:4 | Gained mutation: You have hooves in place of feet. [Xom's grace]
 42868 | Vaults:4 | Gained mutation: Your mind is acute. (Int +2) [Xom's grace]
 42929 | Vaults:4 | XOM: god gift: 56 gold pieces
 43200 | Vaults:5 | Entered Level 5 of the Vaults
 43205 | Vaults:5 | XOM: summons friendly iron imp
 43211 | Vaults:5 | Noticed a golden dragon
 43216 | Vaults:5 | XOM: cast spell 'Discord'
 43219 | Vaults:5 | XOM: cast spell 'Disjunction'
 43234 | Vaults:5 | Killed a golden dragon
 43313 | Vaults:5 | XOM: scenery: create altars
 43323 | Vaults:5 | XOM: destruction
 43324 | Vaults:5 | XOM: noise
 43327 | Vaults:5 | XOM: chaos upgrade
 43365 | Vaults:5 | XOM: polymorph ogre -> bullfrog
 43386 | Vaults:5 | Got a ring of the Octopus King
 43388 | Vaults:5 | Identified a ring of the Octopus King {AC+1 EV+1 Str+1 Int+1 Dex+1 Stlth+} (You found it on level 5 of the Vaults)
 43411 | Vaults:5 | XOM: divination: detect creatures
 43452 | Vaults:5 | XOM: confuse monster(s)
 43609 | Vaults:5 | XOM: summons friendly chaos spawn
 43627 | Vaults:5 | Noticed a golden dragon
 43632 | Vaults:5 | XOM: cast spell 'Summon Hydra'
 43634 | Vaults:5 | XOM: potion effect (might)
 43639 | Vaults:5 | Killed a golden dragon
 43644 | Vaults:5 | XOM: give mutations
 43644 | Vaults:5 | Gained mutation: Your flesh is almost immune to the effects of heat. (rF+++) [Xom's grace]
 43644 | Vaults:5 | Gained mutation: You are somewhat resistant to further mutation. [Xom's grace]
 43659 | Vaults:5 | XOM: cast spell 'Summon Horrible Things'
 43740 | Vaults:5 | Noticed a golden dragon
 43752 | Vaults:5 | Killed a golden dragon
 43845 | Vaults:5 | XOM: cast spell 'Monstrous Menagerie'
 43875 | Vaults:5 | XOM: confuse monster(s)
 43919 | Vaults:5 | Noticed an ancient lich
 43927 | Vaults:5 | XOM: divination: magic mapping
 43930 | Vaults:5 | Killed an ancient lich
 43930 | Vaults:5 | Reached XP level 22. HP: 222/222 MP: 24/24
 43930 | Vaults:5 | XOM: confusion (+ monsters)
 43937 | Vaults:5 | XOM: potion effect (curing)
 43955 | Vaults:5 | XOM: blink monster(s)
 44132 | Vaults:5 | XOM: enchant monster (good)
 44141 | Vaults:5 | XOM: polymorph yaktaur -> jumping spider
 44195 | Vaults:5 | Noticed a golden dragon
 44213 | Vaults:5 | Killed a golden dragon
 44260 | Vaults:5 | XOM: divination: magic mapping
 44329 | Vaults:5 | Got a silver rune of Zot
 44385 | Vaults:5 | XOM: summons 3 friendly demons
 44525 | Vaults:5 | XOM: polymorph ogre mage -> glowing shapeshifter
 44688 | Vaults:5 | Identified the ring "Gumo" {rCorr Int+4} (You took it off a vault warden on level 5 of the Vaults)
 44717 | Vaults:5 | XOM: silly message
 44737 | Vaults:5 | XOM: confusion
 44746 | Vaults:5 | XOM: cast spell 'Death Channel'
 44800 | Vaults:5 | Got an encrusted scarf
 44811 | Vaults:5 | Identified the scarf of Abehyz {Str+3} (You found it on level 5 of the Vaults)
 44919 | Vaults:5 | XOM: stat loss: -1 Dex (25/26)
 45082 | Vaults:5 | XOM: chaos cloud
 45083 | Vaults:5 | XOM: summons 11 hostile demons
 45087 | Vaults:5 | Paralysed by you for 4 turns
 45118 | Vaults:5 | XOM: enchant monster (bad)
 45129 | Vaults:5 | XOM: confusion
 45162 | Vaults:5 | XOM: give mutations
 45162 | Vaults:5 | Lost mutation: You have hooves in place of feet. [Xom's mischief]
 45162 | Vaults:5 | Lost mutation: Your mind is acute. (Int +2) [Xom's mischief]
 45162 | Vaults:5 | Lost mutation: You are partially covered in icy blue scales. (AC +2) [Xom's mischief]
 45162 | Vaults:5 | Lost mutation: You expend magic power (3 MP) to strengthen your wands. [Xom's mischief]
 45535 | Vaults:5 | XOM: scenery: create altars
 45822 | Depths:1 | Entered Level 1 of the Depths
 45823 | Depths:1 | Found a gateway to Hell.
 45996 | Depths:1 | XOM: summons 3 friendly demons
 46029 | Depths:1 | Found a gateway to a ziggurat.
 46152 | Depths:1 | Found a one-way gate to the infinite horrors of the Abyss.
 46184 | Depths:1 | XOM: summons 2 friendly demons
 46185 | Depths:1 | XOM: enchant monster (good)
 46384 | Depths:1 | Reached XP level 23. HP: 232/232 MP: 25/25
 46385 | Depths:1 | XOM: potion effect (might)
 46677 | Depths:1 | XOM: give mutations
 46677 | Depths:1 | Gained mutation: You are partially covered in yellow scales. (AC +2) [Xom's grace]
 46677 | Depths:1 | Gained mutation: You possess an exceptional clarity of mind. [Xom's grace]
 46677 | Depths:1 | Gained mutation: Your mind is acute. (Int +2) [Xom's grace]
 46771 | Depths:1 | XOM: confuse monster(s)
 46781 | Depths:1 | XOM: polymorph stone giant -> quicksilver dragon
 46880 | Depths:2 | XOM: enchant monster (good)
 46882 | Depths:2 | XOM: polymorph cyan very ugly thing -> caustic shrike
 46889 | Depths:2 | Found a runed door.
 46889 | Depths:2 | Found a runed door.
 46903 | Depths:2 | XOM: enchant monster (bad)
 46966 | Depths:2 | XOM: enchant monster (good)
 46968 | Depths:2 | XOM: cast spell 'Summon Mana Viper'
 47005 | Depths:2 | XOM: give mutation
 47005 | Depths:2 | Lost mutation: You are occasionally teleported next to monsters. [Xom's mischief]
 47020 | Depths:2 | Found a burning altar of Makhleb.
 47437 | Depths:2 | XOM: summons friendly ufetubus
 47482 | Depths:2 | XOM: cloud trail
 47611 | Depths:2 | XOM: give mutations
 47611 | Depths:2 | Lost mutation: You are somewhat resistant to further mutation. [Xom's grace]
 47611 | Depths:2 | Gained mutation: You evolve. [Xom's grace]
 47611 | Depths:2 | Gained mutation: You have hooves in place of feet. [Xom's grace]
 47627 | Depths:2 | XOM: 1-stop teleportation journey
 47847 | Depths:2 | XOM: scenery: 1 doors open
 47852 | Depths:2 | XOM: polymorph hell knight -> swamp worm
 47876 | Depths:2 | Lost mutation: You can translocate small distances at will. [evolution]
 47939 | Depths:2 | XOM: scenery: 3 doors close
 48165 | Depths:2 | XOM: scenery: 2 doors close
 48374 | Depths:3 | XOM: potion effect (haste)
 48380 | Depths:3 | XOM: scenery: 2 doors close
 48643 | Depths:3 | Identified the ring of Hum Mukh {rPois EV+3} (You took it off a yaktaur on level 3 of the Depths)
 48705 | Depths:3 | Reached XP level 24. HP: 245/245 MP: 25/25
 48797 | Depths:3 | Identified the Incunabulum of Transformation
 48827 | Depths:3 | XOM: 6-stop teleportation journey
 49018 | Depths:3 | XOM: harmless Tmut miscast
 49101 | Depths:3 | XOM: smoke on damage
 49192 | Depths:3 | XOM: medium Fire miscast
 49250 | Depths:3 | Found a one-way gate leading to the halls of Pandemonium.
 49319 | Depths:4 | XOM: noise
 49358 | Depths:4 | Identified the ring "Juihejau" {rF+ EV+4 Str+5} (You found it on level 4 of the Depths)
 49399 | Depths:4 | Paralysed by a floating eye for 4 turns
 49464 | Depths:4 | Noticed Sojobo
 49487 | Depths:4 | Killed Sojobo
 49582 | Depths:4 | XOM: mild Fire miscast
 49604 | Depths:4 | Identified the ring "Tuehawk" {rPois Dex+6} (You took it off a vampire knight on level 4 of the Depths)
 49630 | Depths:4 | XOM: fog
 49699 | Depths:4 | Paralysed by a floating eye for 2 turns
 49724 | Depths:4 | XOM: give mutations
 49724 | Depths:4 | Gained mutation: You have an increased reservoir of magic. (+10% MP) [Xom's grace]
 49724 | Depths:4 | Gained mutation: You heal very quickly. [Xom's grace]
 49724 | Depths:4 | Gained mutation: Your flesh is cold resistant. (rC+) [Xom's grace]
 49769 | Depths:4 | XOM: cleaving
 49779 | Depths:4 | XOM: cast spell 'Disjunction'
 49863 | Depths:4 | XOM: summons 10 friendly demons
 49880 | Depths:4 | XOM: harmless Summ miscast
 49894 | Depths:4 | Found Fecalum's Weapon Emporium.
 50028 | Depths:4 | Noticed a juggernaut
 50034 | Depths:4 | XOM: silly message
 50036 | Depths:4 | Killed a juggernaut
 50155 | Depths:4 | Identified the ring "Touhuu" {rPois Int+2 Stlth+} (You found it on level 4 of the Depths)
 50351 | Depths:5 | Entered Level 5 of the Depths
 50351 | Depths:5 | Noticed the Enchantress
 50372 | Depths:5 | Killed the Enchantress
 50380 | Depths:5 | Reached XP level 25. HP: 255/255 MP: 28/28
 50459 | Depths:5 | Reached skill level 27 in Fighting
 50495 | Depths:5 | XOM: enchant monster (bad)
 50559 | Depths:5 | XOM: noise
 50577 | Depths:5 | Noticed Kite's ghost (veteran MiBe)
 50606 | Depths:5 | Killed Kite's ghost
 50699 | Depths:5 | XOM: harmless Air miscast
 50925 | Depths:5 | Found a gate to the Realm of Zot.
 50930 | Depths:5 | XOM: mild Summ miscast
 50998 | Depths:5 | XOM: mild Hex miscast
 51178 | Depths:5 | XOM: potion effect (might)
 51231 | Depths:5 | Found a viscous altar of Jiyva.
 51353 | Depths:5 | XOM: harmless Summ miscast
 51439 | Zot:1    | Entered Level 1 of the Realm of Zot
 51476 | Zot:2    | XOM: divination: detect items
 51482 | Zot:2    | XOM: divine lightning
 51493 | Zot:2    | XOM: cast spell 'Statue Form'
 51546 | Zot:4    | XOM: scenery: create altars
 51551 | Zot:4    | XOM: polymorph moth of wrath -> death drake
 51587 | Zot:5    | Entered Level 5 of the Realm of Zot
 51595 | Zot:5    | XOM: confuse monster(s)
 51646 | Zot:5    | XOM: give mutation
 51646 | Zot:5    | Lost mutation: You are very agile. (Dex +4) [Xom's mischief]
 51797 | Zot:5    | XOM: swap monsters
 51802 | Zot:5    | Reached skill level 27 in Armour
 51812 | Zot:5    | XOM: 1-stop teleportation journey
 51813 | Zot:5    | Noticed an ancient lich
 51818 | Zot:5    | XOM: noise
 51820 | Zot:5    | Killed an ancient lich
 51838 | Zot:5    | Noticed an orb of fire
 51853 | Zot:5    | Lost mutation: You are agile. (Dex +2) [an orb of fire]
 51855 | Zot:5    | Killed an orb of fire
 51855 | Zot:5    | Reached XP level 26. HP: 219/265 MP: 28/28
 51877 | Zot:5    | Noticed an orb of fire
 51891 | Zot:5    | Lost mutation: You possess an exceptional clarity of mind. [an orb of fire]
 51892 | Zot:5    | Killed an orb of fire
 51901 | Zot:5    | XOM: potion effect (invisibility)
 51913 | Zot:5    | XOM: fog
 51915 | Zot:5    | XOM: summons 2 friendly demons
 51964 | Zot:5    | XOM: cast spell 'Cause Fear'
 51967 | Zot:5    | XOM: fake destruction
 51970 | Zot:5    | Reached skill level 27 in Dodging
 51975 | Zot:5    | XOM: scenery: create altars
 51980 | Zot:5    | XOM: fake destruction
 51987 | Zot:5    | XOM: cast spell 'Metabolic Englaciation'
 51999 | Zot:5    | Noticed an orb of fire
 52000 | Zot:5    | Gained mutation: Armour fits poorly on your strangely shaped body. [an orb of fire]
 52002 | Zot:5    | XOM: summons 10 friendly demons
 52008 | Zot:5    | Lost mutation: You have an increased reservoir of magic. (+10% MP) [an orb of fire]
 52017 | Zot:5    | Killed an orb of fire
 52021 | Zot:5    | Noticed an ancient lich
 52028 | Zot:5    | Got the Orb of Zot
 52103 | Zot:5    | XOM: cleaving
 52105 | Zot:5    | XOM: scenery: create altars
 52109 | Zot:5    | XOM: cleaving
 52109 | Zot:5    | HP: 10/266 [Orb Guardian (18)]
 52109 | Zot:5    | Demolished by an Orb Guardian

Vault maps used:
D:1:      ncdulo_lavacross, minmay_misc_feat_five
D:2:      marbit_many_paths
D:3:      first_bread
D:4:      minmay_temple_entry_butterflies, serial_shops, shop_statue,
          grunt_ministairs_14
D:5:      uniq_menkaure
D:6:      nicolae_alphabet_shops
D:7:      basic_altar
D:8:      nicolae_ossuary_entry_catacombs
D:10:     serial_shops, nicolae_shop_stone
D:11:     erik_lair_dragon, enter_trove_3, grunt_tengu_nest
D:12:     cheibrodos_histonic, orc_0_dummy, nemelex_xobeh_ov_fountains_minmay,
          uniq_fannar, uniq_frances
D:13:     lightli_vaults_fourway_checkpoint
D:14:     serial_park_paths, uniq_louise, uniq_azrael
D:15:     grunt_enter_depths_hoard, portal_ice_cave_entry_pillars_1,
          lemuel_round_altar
Lair:1:   uniq_gastronok, uniq_prince_ribbit2
Lair:2:   minmay_swamp_entry_worms, dummy_snake_entry
Lair:3:   lemuel_slime, grunt_megastairs_4
Lair:4:   grunt_forest_small_clearings, uniq_josephine
Lair:6:   evilmike_catoblepas_cave, nicolae_slime_entry_slimehenge,
          special_room, uniq_snorg
Swamp:1:  basic_altar, gammafunk_its_a_trap, uniq_donald
Swamp:2:  nicolae_swamp_phyte_club, hangedman_swamp_ruin_wall
Swamp:3:  evilmike_swamp_ruin_rubble_2, uniq_nikola
Swamp:4:  swamp_alternative, uniq_bai_suzhen
Snake:1:  serial_shops, shop, guppyfry_library_mini, serial_bayou_shore_b,
          minmay_shop_grove, serial_bayou_shore_b
Snake:2:  basic_stair_grate_trap
Snake:4:  snake_pit, serial_shops, shop, nicolae_shop_crystal,
          grunt_ministairs_10, eino_curves_04
Orc:1:    basic_altar, david_defended_altar_orc
Orc:2:    st_orc_pillars, uniq_nessos
Vaults:1: st_more_cells, nicolae_vaults_theta, v_alt_pattern_5, v_pattern_1,
          hangedman_vaults_hat, ontoclasm_vaults_ring_large,
          vaults_room_grunt_arrival_ludios, hangedman_vaults_stitches,
          nicolae_vaults_alarming, vaults_room_large_hall,
          nicolae_vaults_little_ls, serial_ice_g, serial_ice_b, serial_ice_h,
          ontoclasm_vaults_hangar
Vaults:2: nicolae_vaults_network_quinsquares, vaults_mumra_minichess,
          nicolae_vaults_little_squares_4, v_misc_19,
          minmay_crypt_entry_necro_gods, nicolae_vaults_asterisk, v_misc_5,
          nicolae_vaults_angled_halls, dpeg_vaults_monster_box,
          st_smaller_cells, nicolae_vaults_network_periphery,
          nicolae_vaults_border_crossing, vaults_mumra_chevron_long,
          v_alt_pattern_4, serial_shops, shop
Vaults:3: v_rooms_4, vaults_dpeg_doors, v_misc_28, v_alt_pattern_3,
          vaults_room_fancy_cross, hangedman_vaults_maws,
          nicolae_vaults_murderbox, grunt_vaults_hallway_short,
          vaults_dpeg_ring, ontoclasm_vaults_twist
Vaults:4: nicolae_vaults_specimen_jars, nicolae_vaults_little_squares_2,
          nicolae_vaults_three_branches, hangedman_vaults_slice, v_misc_1,
          grunt_vaults_hallway_short, nicolae_vaults_statue_guard,
          nicolae_vaults_little_squares_2, nicolae_vaults_little_squares_4,
          nicolae_vaults_circle_grid_a, hangedman_vaults_stretched_pinwheel
Vaults:5: serial_shops
Depths:1: enter_ziggurat_e, special_room, hell_entry,
          nicolae_abyss_entry_one_way_or_another, serial_bayou_lagoon_a,
          minmay_misc_feat_roman, minmay_hollow_rounded_squares
Depths:2: evilmike_makhleb_hellhole, mu_enter_wizlab_2, hangedman_decor_push,
          hellmouth_1
Depths:3: minmay_cut_squares, rand_demon_pan_entry_9,
          hangedman_abyss_or_decor_clamps, hangedman_coc_ice_floe,
          grunt_ministairs_13
Depths:4: hangedman_spin_cycle, abyss_entry, hell_entry, uniq_sojobo
Depths:5: grunt_zot_entry_alcove, pan_entry, minmay_misc_feat_columns,
          grunt_mini_vestibule, special_room, serial_bayou_shore_a,
          uniq_enchantress
Zot:1:    st_stairs_4
Zot:2:    grunt_megastairs_2
Zot:3:    st_stairs_6
IceCv:    ice_cave_caverns_03

Skill      XL: |  1  2  3  4  5  6  7  8  9 10 11 12 13 14 15 16 17 18 19 20 21 22 23 24 25 26 |
---------------+-------------------------------------------------------------------------------+-----
Axes           | 4 5 7 8 9 10 11 14 15 19 20 21 | 21.1
Fighting       | 5 9 11 14 15 16 17 19 20 21 22 23 24 25 26 27 | 27.0
Armour         | 4 5 9 11 12 13 15 17 18 19 21 22 23 24 25 27 | 27.0
Dodging        | 3 5 6 9 12 13 15 16 17 18 20 21 22 23 24 26 27 | 27.0
Evocations     | 4 5 |  5.0

Action                   |  1- 3 |  4- 6 |  7- 9 | 10-12 | 13-15 | 16-18 | 19-21 | 22-24 | 25-27 || total
-------------------------+-------+-------+-------+-------+-------+-------+-------+-------+-------++-------
Melee: Hand axe          |    84 |    82 |   364 |   642 |   233 |       |       |       |       ||  1405
       Headbutt          |     7 |    17 |    74 |   160 |   315 |   393 |   386 |   387 |   161 ||  1900
       Kick              |       |       |       |     1 |       |    54 |   290 |   432 |   279 ||  1056
       Battleaxe         |       |       |       |       |   956 |  1270 |  1044 |  1078 |   440 ||  4788
       Unarmed           |       |       |       |       |       |     4 |       |       |       ||     4
Evoke: Wand              |       |       |     4 |    19 |     1 |     2 |       |       |       ||    26
       Lamp of fire      |       |       |       |       |       |     1 |       |       |       ||     1
       Sack of spiders   |       |       |       |       |       |       |       |       |     1 ||     1
  Use: Scroll            |       |     3 |    16 |    12 |    11 |     8 |    11 |    14 |    14 ||    89
       Potion            |       |       |     3 |     4 |     8 |     3 |     6 |     1 |    20 ||    45
 Stab: Distracted        |       |       |     1 |       |       |     2 |     2 |     2 |     1 ||     8
       Sleeping          |       |       |     1 |       |     1 |       |       |       |       ||     2
       Invisible         |       |       |       |     1 |     3 |       |     1 |       |     1 ||     6
       Paralysed         |       |       |       |       |     1 |       |     3 |     7 |       ||    11
       Confused          |       |       |       |       |     2 |     3 |     4 |     4 |     7 ||    20
       Petrified         |       |       |       |       |     2 |       |       |       |       ||     2
       Petrifying        |       |       |       |       |       |     2 |       |       |       ||     2
  Eat: Chunk             |     1 |     6 |    15 |    20 |    34 |    25 |    26 |    21 |     5 ||   153
       Royal jelly       |       |       |     1 |     1 |       |     2 |       |       |       ||     4
       Fruit             |       |       |       |     1 |     2 |     8 |       |       |       ||    11
Armor: Leather armour    |    35 |    16 |    54 |       |       |       |       |       |       ||   105
       Plate armour      |       |       |    26 |   203 |   641 |   550 |   270 |   399 |   131 ||  2220
       Skin              |       |       |       |       |       |    13 |       |       |     5 ||    18
Dodge: Dodged            |    41 |    48 |   154 |   195 |   721 |  1032 |   727 |   974 |   522 ||  4414
       Deflected         |       |       |     2 |     5 |    19 |   126 |    54 |    44 |    20 ||   270
Block: Other             |       |       |       |     6 |       |   134 |   121 |   143 |    58 ||   462
